 Dungeon Crawl Stone Soup version 0.30.1-9-gdf580d7c3d (webtiles) character file.

Game seed: 17221958819812129252

218 ChiefBigBeans the Conjurer (level 5, -6/28 HPs)
             Began as a Deep Elf Conjurer on Sept 26, 2023.
             Mangled by Edmund
             ... wielding a +2 flail of protection
              (10 damage)
             ... on level 4 of the Dungeon.
             The game lasted 00:06:19 (3138 turns).

ChiefBigBeans the Conjurer (Deep Elf Conjurer)      Turns: 3138, Time: 00:06:20

Health: -6/28      AC:  5    Str:  3 (4)  XL:     5   Next: 63%
Magic:  6/14       EV: 12    Int: 23 (25) God:
Gold:   161        SH:  0    Dex: 10 (13) Spells: 9/14 levels left

rFire   . . .        d - +0 short sword (venom)
rCold   . . .        (no shield)
rNeg    . . .        a - +1 robe
rPois   .            f - +0 helmet
rElec   .            j - +0 cloak
rCorr   +            (no gloves)
SInv    .            (no boots)
Will    .....        (no amulet)
Stlth   ++           c - ring of resist corrosion
HPRegen 0.24/turn    (no ring)
MPRegen 0.14/turn

%: no passive effects
@: very slightly contaminated
A: no striking features
a: no special abilities


You were on level 4 of the Dungeon.
You visited 1 branch of the dungeon, and saw 4 of its levels.

You collected 161 gold pieces.

Inventory:

Hand Weapons
 d - a +0 short sword of venom (weapon)
Armour
 a - a +1 robe (worn)
 f - a +0 helmet (worn)
 j - a +0 cloak (worn)
Jewellery
 c - a ring of resist corrosion (left hand)
 g - a ring of poison resistance
Wands
 e - a wand of flame (22)
Potions
 h - a potion of flight
 i - 3 potions of curing


   Skills:
 - Level 3.3 Dodging
 - Level 3.6 Stealth
 + Level 5.3 Spellcasting
 + Level 5.8 Conjurations


You had 9 spell levels left.
You knew the following spells:

 Your Spells              Type           Power      Damage    Failure   Level
a - Magic Dart            Conj           100%       1d8       1%          1
b - Fulminant Prism       Conj/Hex       9%         3d7       26%         4

Your spell library contained the following spells:

 Spells                   Type           Power      Damage    Failure   Level
 Searing Ray              Conj           64%        2d6       1%          2
 Freeze                   Ice            24%        1d4       9%          1
 Sting                    Tmut/Pois      24%        1d4       9%          1
 Dazzling Flash           Conj/Hex       38%        N/A       9%          3
 Hailstorm                Conj/Ice       19%        3d6       9%          3
 Blink                    Tloc           12%        N/A       14%         2
 Poisonous Vapours        Pois/Air       12%        N/A       14%         2
 Frozen Ramparts          Ice            12%        1d2       26%         3
 Ozocubu's Armour         Ice            6%         N/A       26%         3
 Iskenderun's Mystic Bla  Conj/Tloc      19%        2d6       26%         4
 Manifold Assault         Tloc           6%         N/A       65%         4
 Olgreb's Toxic Radiance  Pois           6%         N/A       65%         4
 Ozocubu's Refrigeration  Ice            3%         4d8       100%        7
 Storm Form               Tmut/Air       3%         N/A       100%        7


Dungeon Overview and Level Annotations

Branches:
Dungeon (4/15)
 Temple: D:4-7

Altars:
Gozag
Vehumet

Shops:
D:3 =

Annotations:
D:4 Edmund


Message History

Edmund hits you with a +2 flail of protection!
You are too injured to fight recklessly!
You aren't carrying any scrolls.
Magic courses through your body. Edmund misses you.
Casting: Magic Dart (safe; 1% risk of failure)
Confirm with . or Enter, or press ? or * to list all spells.
The spell is astonishingly dangerous to miscast (26% risk of failure)!
Continue anyway?
Aiming: Fulminant Prism (astonishingly dangerous; 26% risk of failure)
Press: ? - help, Dir - move target, f/p - Edmund
Aim: Edmund, wielding a +2 flail of protection and wearing a +1 scale mail of fire resistance (lightly wounded)
You can't place the prism on a creature.
Casting: Fulminant Prism (astonishingly dangerous; 26% risk of failure)
Confirm with . or Enter, or press ? or * to list all spells.
The spell is astonishingly dangerous to miscast (26% risk of failure)!
Continue anyway?
Okay, then.
Casting: Fulminant Prism (astonishingly dangerous; 26% risk of failure)
Confirm with . or Enter, or press ? or * to list all spells.
The spell is astonishingly dangerous to miscast (26% risk of failure)!
Continue anyway?
Okay, then.
Casting: Fulminant Prism (astonishingly dangerous; 26% risk of failure)
Confirm with . or Enter, or press ? or * to list all spells.
The spell is astonishingly dangerous to miscast (26% risk of failure)!
Continue anyway?
Aiming: Fulminant Prism (astonishingly dangerous; 26% risk of failure)
Press: ? - help, Dir - move target, p - Edmund You miscast Fulminant Prism.
You are very lightly contaminated with residual magic.
Nothing appears to happen.
Edmund completely misses you.
Casting: Fulminant Prism (astonishingly dangerous; 26% risk of failure)
Confirm with . or Enter, or press ? or * to list all spells.
The spell is astonishingly dangerous to miscast (26% risk of failure)!
Continue anyway?
Aiming: Fulminant Prism (astonishingly dangerous; 26% risk of failure)
Press: ? - help, Dir - move target You conjure a prism of explosive energy!
A fulminant prism comes into view.
Edmund hits you with a +2 flail of protection!
* * * LOW HITPOINT WARNING * * *
Your fulminant prism crackles loudly.
Edmund attacks as you move away!
Edmund hits you with a +2 flail of protection!
You die...

########.#####........#
#.....#........#
#####.##..######
#.##..###...
#.........# ?
##......#### ...
####..##.....# ....#
#####....###..##....
......#.@@..####
.....#### #..*#####
.....# ##..# .......
#... ......## #.##. #.
## #. .. ..


You could see Edmund (ally target) and a friendly fulminant prism.

Vanquished Creatures
  A howler monkey (D:3)
  Jessica (D:2)
  An orc wizard (D:3)
  Robin (D:2)
  3 adders (D:3)
  4 worms
  6 orcs (D:3)
  4 ball pythons
  7 bats
  4 endoplasms
  3 giant cockroaches
  14 goblins
  4 hobgoblins
  7 jackals
  2 quokkas (D:2)
  A frilled lizard (D:3)
  2 kobolds
  3 rats
68 creatures vanquished.

Notes
Turn   | Place    | Note
-------+----------+-------------------------------------------
     0 | D:1      | ChiefBigBeans the Deep Elf Conjurer began the quest for the
                  | Orb.
     0 | D:1      | Reached XP level 1. HP: 10/10 MP: 6/6
   435 | D:1      | Reached XP level 2. HP: 15/15 MP: 6/8
   963 | D:2      | Noticed Robin
   965 | D:2      | Noticed Jessica
   984 | D:3      | Reached XP level 3. HP: 18/19 MP: 1/10
  1060 | D:2      | Killed Jessica
  1061 | D:2      | Reached XP level 4. HP: 21/24 MP: 7/11
  1076 | D:2      | Killed Robin
  1077 | D:2      | Reached skill level 5 in Conjurations
  1216 | D:2      | Learned a level 4 spell: Fulminant Prism
  1226 | D:2      | Found an opulent altar of Gozag.
  2081 | D:3      | Found Raff's Jewellery Shoppe.
  2200 | D:3      | Reached XP level 5. HP: 28/28 MP: 7/14
  2205 | D:3      | Reached skill level 5 in Spellcasting
  2852 | D:3      | Found a radiant altar of Vehumet.
  3124 | D:4      | Noticed Edmund
  3138 | D:4      | Mangled by Edmund

Illustrated notes

Levels and vault maps discovered:
D:1:      evilmike_arrival_rings, layout_basic
D:2:      layout_basic, basic_altar, uniq_robin, uniq_jessica
D:3:      layout_basic, mainiacjoe_overflow_tiny_flanked, serial_shops, shop,
          serial_bayou_pond_c
D:4:      layout_rooms, fedhas_altar_3, uniq_pikel, uniq_grinder, uniq_edmund

Skill      XL: |  1  2  3  4  5 |
---------------+----------------+-----
Stealth        | 3 |  3.6
Dodging        | 3 |  3.3
Conjurations   | 5 |  5.8
Spellcasting   | 4 5 |  5.3

Action                     |  1- 3 |  4- 6 || total
---------------------------+-------+-------++-------
  Melee: Short sword       |    25 |     5 ||    30
   Cast: Magic Dart        |    35 |   106 ||   141
         Fulminant Prism   |       |     1 ||     1
    Use: Scroll            |     3 |     1 ||     4
         Potion            |     1 |     5 ||     6
 Armour: Robe              |    15 |       ||    15
  Dodge: Dodged            |    20 |    11 ||    31
